 Dungeon Crawl Stone Soup version 0.22-a0-284-g99d1f74 (webtiles) character file.

5 ohad the Insei (level 1, 0/13 HPs)
             Began as an Octopode Transmuter on Mar 20, 2018.
             Slain by a goblin (4 damage)
             ... on level 1 of the Dungeon.
             The game lasted 00:00:22 (71 turns).

ohad the Insei (Octopode Transmuter)                  Turns: 71, Time: 00:00:22

Health: 0/13       AC:  1    Str:  9    XL:     1   Next: 80%
Magic:  2/3        EV: 13    Int: 15    God:
Gold:   5          SH:  0    Dex: 12    Spells: 3/4 levels left

rFire    . . .     SeeInvis .     - Unarmed
rCold    . . .     Gourm    .   (no shield)
rNeg     . . .     Faith    .   (helmet restricted)
rPois    .         Spirit   .   (no amulet)
rElec    .         Reflect  .   (no ring)
rCorr    .         Harm     .   (no ring)
MR       .....                  (no ring)
Stlth    +++.......             (no ring)
HPRegen  0.04/turn              (no ring)
MPRegen  0.08/turn              (no ring)
                                (no ring)
                                (no ring)

@: appendage (expiring)
A: almost no armour, stealthy swim, amphibious, 8 rings, constrict 8, tentacle
spike 3, camouflage 1, gelatinous body 1
a: End Transformation


You were on level 1 of the Dungeon.
You were not hungry.
One of your tentacles had a temporary spike.
You visited 1 branch of the dungeon, and saw 1 of its levels.

You collected 5 gold pieces.

Inventory:

Missiles
 a - 20 arrows
Potions
 b - a potion of curing {unknown}
Comestibles
 c - a ration
 d - a chunk of flesh


   Skills:
 - Level 1.0 Fighting
 - Level 2.0 Dodging
 * Level 1.5 Stealth
 - Level 3.0 Unarmed Combat
 - Level 2.0 Spellcasting
 + Level 2.2 Transmutations


You had 3 spell levels left.
You knew the following spells:

 Your Spells              Type           Power        Failure   Level  Hunger
a - Beastly Appendage     Tmut           #.....       9%          1    #......


Dungeon Overview and Level Annotations

Branches:
Dungeon (1/15)

Altars:
Nemelex Xobeh


Innate Abilities, Weirdness & Mutations

You cannot wear most types of armour.
You are very stealthy in the water. (Stealth+)
You are amphibious.
You can wear up to eight rings at the same time.
You can use your tentacles to constrict eight enemies at once.
Your skin changes colour to match your surroundings (Stealth+).
Your rubbery body absorbs attacks. (AC +1, EV +1)
One of your tentacles bears a large vicious spike.


Message History

The goblin shouts!
You closely miss the goblin. Your grab misses the goblin.
The goblin barely misses you.
You tentacle-slap the goblin. You grab the goblin.
You kill the goblin!
Found a stone staircase leading down.
Things that are here:
a club; a goblin corpse You barely miss the goblin.
You grab the goblin.
You pierce the goblin, but do no damage.
You constrict the goblin. The goblin misses you.
You barely miss the goblin.
The goblin is moderately wounded.
You constrict the goblin, but do no damage.
The goblin hits you.
You barely miss the goblin.
The goblin is moderately wounded.
Your transformation is almost over.
You constrict the goblin. The goblin hits you.
You die...

..............#
#####.#######.# #.# #.#
# #.# #.# #. #.# #.# ..
#.# #.. #. #.# ###
#.#?.###### #.# #
#....g@)..# #.# #
#.....###.###.#########
#.[....................
#.....###.###.#####.⌠.⌠
#...>. .......# #.._.
#....####.##### ##⌠.⌠
#.#.# #.# ##.# #.#. #..
#.. #.# ###


You could see a goblin.

Vanquished Creatures
  A giant cockroach (D:1)
  2 goblins (D:1)
  2 rats (D:1)
5 creatures vanquished.

Notes
Turn   | Place    | Note
-------+----------+-------------------------------------------
     0 | D:1      | ohad the Octopode Transmuter began the quest for the Orb.
     0 | D:1      | Reached XP level 1. HP: 13/13 MP: 3/3
    27 | D:1      | Found a sparkling altar of Nemelex Xobeh.
    50 | D:1      | Reached skill level 1 in Stealth
    71 | D:1      | Slain by a goblin

Vault maps used:
D:1:      doesnt_arrival_eight_statues, nemelex_xobeh_ov_fountains_minmay

Skill      XL: |  1 |
---------------+----+-----
Stealth        | 1 |  1.5
Fighting       | |  1.0
Dodging        | |  2.0
Unarmed Combat | |  3.0
Spellcasting   | |  2.0
Transmutations | |  2.2

Action                   || total
-------------------------++-------
Melee: Unarmed           ||    17
       Constrict         ||     5
       Kick              ||     3
       Tentacles         ||     2
       Punch             ||     1
 Cast: Beastly Appendage ||     3
 Stab: Sleeping          ||     1
Dodge: Dodged            ||     7

Table legend:
 A = Spawn XP
 B = Non-spawn XP
 C = Spawn XP percentage of total XP
 D = Spawn monster count
 E = Non-spawn monster count
 F = Spawn count percentage of total count
 G = Total turns spent on level
                    A         B        C        D         E        F      G
               +---------+---------+-------+---------+---------+-------+---------
         Total |       0 |       8 |   0.0 |       0 |       5 |   0.0 |    71
               +---------+---------+-------+---------+---------+-------+---------
           D:1 |       0 |       8 |   0.0 |       0 |       5 |   0.0 |    71
               +---------+---------+-------+---------+---------+-------+---------
